 Dungeon Crawl Stone Soup version 0.28.0-43-g3370ac3207 (webtiles) character file.

Game seed: 6933475311998592274

109 cbfl8 the Covert (level 4, -12/35 HPs)
             Began as a Vampire Delver on Mar 19, 2022.
             Mangled by an ogre
             ... wielding a +0 giant spiked club
              (33 damage)
             ... on level 4 of the Dungeon.
             The game lasted 00:01:31 (444 turns).

cbfl8 the Covert (Vampire Delver)                    Turns: 444, Time: 00:01:31

Health: -12/35     AC:  8    Str: 13    XL:     4   Next: 60%
Magic:  4/4        EV:  6    Int: 12    God:
Gold:   12         SH:  0    Dex: 15    Spells: 3/3 levels left

rFire   . . .      SeeInvis +   i - +0 flail
rCold   . . .      Faith    .   (no shield)
rNeg    . . .      Spirit   .   d - +0 chain mail
rPois   .          Reflect  .   (no helmet)
rElec   .          Harm     .   (no cloak)
rCorr   .          Rampage  .   (no gloves)
Will    .....                   (no boots)
Stlth   +.........              (no amulet)
HPRegen 0.31/turn               (no ring)
MPRegen 0.09/turn               (no ring)

@: healing quickly
A: alive, fangs 3, see invisible, vampiric 2
a: Exsanguinate


You were on level 4 of the Dungeon.
You visited 1 branch of the dungeon, and saw 2 of its levels.

You collected 12 gold pieces.

Inventory:

Hand Weapons
 a - a +0 falchion
 i - a +0 flail (weapon)
Armour
 b - a +0 leather armour
 d - a +0 chain mail (worn)
 k - a +0 scale mail
Wands
 g - a wand of digging (3)
 h - a wand of mindburst (23)
Scrolls
 c - a scroll of fog
 l - a scroll of enchant weapon {unknown}
Potions
 j - a potion of brilliance {unknown}


   Skills:
 + Level 3.1 Fighting
 + Level 2.5 Long Blades
 + Level 0.5 Maces & Flails
 + Level 0.9 Armour
 + Level 2.5 Dodging
 + Level 8.7 Stealth


You had 3 spell levels left.
You didn't know any spells.
Your spell library was empty.

Dungeon Overview and Level Annotations

Branches:
Dungeon (5/15)
 Temple: D:4-7

Altars:

Shops:
D:5 (

Annotations:
D:4 Natasha


Innate Abilities, Weirdness & Mutations

Your natural rate of healing is accelerated.
You have razor-sharp teeth.
You have supernaturally acute eyesight. (SInv)
You are afflicted with vampirism and can become a bat while bloodless.


Message History

You climb upwards.
Level annotation: Natasha The adder hisses angrily.
There is a stone staircase leading down here.
You miss the adder. The adder bites you but does no damage.
A kobold comes into view. It is wielding a +0 dagger.
You closely miss the adder.
The kobold shouts!
The adder bites you but does no damage. The adder bites you.
You hit the adder but do no damage. You bite the adder.
The adder is moderately wounded.
The adder closely misses you.
You closely miss the adder.
The adder is moderately wounded.
You feel yourself slow down. The adder bites you but does no damage.
You closely miss the adder. You bite the adder.
The adder is heavily wounded.
The adder barely misses you. The adder closely misses you.
You sock the adder!
You kill the adder!
You barely miss the kobold. The kobold barely misses you.
You closely miss the kobold. The kobold hits you with a +0 dagger.
The kobold closely misses you.
You barely miss the kobold.
The ogre shouts!
The kobold hits you but does no damage.
You barely miss the kobold. The kobold barely misses you.
The kobold hits you but does no damage.
You closely miss the kobold. The kobold completely misses you.
You closely miss the kobold. The kobold hits you but does no damage.
You barely miss the kobold. Your bite misses the kobold.
The kobold hits you with a +0 dagger. The kobold hits you but does no damage.
You closely miss the kobold.
The ogre hits you with a +0 giant spiked club!
The kobold hits you with a +0 dagger.
You hit the kobold but do no damage.
The ogre hits you with a +0 giant spiked club!!
Ouch! That really hurt!
You die...

#...#
####...#
#......#
#...##...#
#.# #...# .
# #...# #..
#...##....
###OK.....#
#...@.#
#.......##
#.......#
#.......#
#.......#
#.#####.. .
..# ###


You could see an ogre and a kobold.

Vanquished Creatures
  A centaur zombie (D:5)
  2 hounds (D:5)
  An adder (D:4)
  An endoplasm (D:4)
  4 jackals (D:4)
  A kobold (D:4)
10 creatures vanquished.

Notes
Turn   | Place    | Note
-------+----------+-------------------------------------------
     0 | D:5      | cbfl8 the Vampire Delver began the quest for the Orb.
     0 | D:5      | Reached XP level 1. HP: 17/17 MP: 1/1
    16 | D:5      | Found Qeraeh's Antique Weapon Shop.
    59 | D:5      | Reached skill level 8 in Stealth
    59 | D:5      | Reached XP level 2. HP: 16/23 MP: 2/2
    59 | D:5      | Gained mutation: You are afflicted with vampirism and can
                  | become a bat while bloodless. [Vampire growth]
    59 | D:5      | Reached XP level 3. HP: 20/28 MP: 3/3
   221 | D:4      | Reached XP level 4. HP: 21/35 MP: 4/4
   310 | D:4      | Noticed an ogre
   311 | D:4      | Noticed Natasha
   312 | D:4      | Noticed a scorpion
   392 | D:5      | Noticed a black bear
   424 | D:5      | Noticed a scorpion
   444 | D:4      | Mangled by an ogre

Illustrated notes

Levels and vault maps discovered:
D:4:      layout_rooms, minmay_misc_feat_cross, uniq_natasha
D:5:      layout_basic, serial_shops, kennysheep_little_box,
          hangedman_decor_riveting, uniq_pikel

Skill      XL: |  1  2  3 |
---------------+----------+-----
Stealth        | 8 |  8.7
Fighting       | 3 |  3.1
Long Blades    | |  2.5
Maces & Flails | |  0.5
Armour         | |  0.9
Dodging        | |  2.5

Action                   |  1- 3 |  4- 6 || total
-------------------------+-------+-------++-------
Melee: Falchion          |    21 |       ||    21
       Bite              |     6 |     2 ||     8
       Flail             |    16 |    22 ||    38
  Use: Scroll            |     1 |     1 ||     2
       Potion            |       |     1 ||     1
Armor: Chain mail        |    55 |    15 ||    70
Dodge: Dodged            |    24 |    19 ||    43
